 Dungeon Crawl Stone Soup version 0.31-a0-940-gdaa99269f9 (webtiles) character file.

Game seed: 16781353259689468528

996 Dirtsage the Cleaver (level 7, -1/52 HPs)
             Began as a Demonspawn Fighter on Oct 20, 2023.
             Slain by an orc
             ... wielding a +2 vampiric hand axe
              (3 damage)
             ... on level 4 of the Dungeon.
             The game lasted 00:05:59 (3069 turns).

Dirtsage the Cleaver (Demonspawn Fighter)           Turns: 3069, Time: 00:06:00

Health: -1/52      AC:  8    Str: 18    XL:     7   Next: 99%
Magic:  7/7        EV:  9    Int:  9    God:
Gold:   199        SH:  0    Dex: 13    Spells: 6/6 levels left

rFire   . . .        a - +0 war axe
rCold   . . .        c - +0 buckler
rNeg    . . .        b - +0 scale mail
rPois   .            i - +0 helmet
rElec   .            (no cloak)
rCorr   .            (no gloves)
SInv    .            (no boots)
Will    .....        (no amulet) Stlth
                     (no ring)
HPRegen 0.28/turn    (no ring)
MPRegen 0.10/turn

%: no passive effects
@: confused
A: hooves 2, powered by pain 2, sharp scales 1
a: no special abilities


You were on level 4 of the Dungeon.
You visited 1 branch of the dungeon, and saw 4 of its levels.
You also visited: Sewer.

You collected 199 gold pieces.

Inventory:

Hand Weapons
 a - a +0 war axe (weapon)
Missiles
 x - 4 curare-tipped darts
Armour
 b - a +0 scale mail (worn)
 c - a +0 buckler (worn)
 i - a +0 helmet (worn)
Scrolls
 f - a scroll of blinking {unknown}
 k - 5 scrolls of amnesia {unknown}
 m - 7 scrolls of teleportation {unknown}
 p - a scroll of poison {unknown}
 q - a scroll of vulnerability {unknown}
 r - 4 scrolls of fog {unknown}
 t - a scroll of fear {unknown}
 w - 3 scrolls of identify {unknown}
 y - a scroll of noise {unknown}
Potions
 e - a potion of ambrosia {unknown}
 g - 4 potions of heal wounds {unknown}
 h - a potion of brilliance {unknown}
 j - 2 potions of enlightenment {unknown}
 l - 2 potions of curing {unknown}
 n - a potion of cancellation {unknown}
 o - a potion of magic {unknown}
 s - a potion of lignification {unknown}
 u - 2 potions of haste {unknown}
 v - a potion of invisibility {unknown}


   Skills:
 - Level 3.0 Fighting
 + Level 8.7 Axes
 - Level 2.6 Armour
 - Level 2.6 Shields


You had 6 spell levels left.
You didn't know any spells.
Your spell library was empty.

Dungeon Overview and Level Annotations

Branches:
Dungeon (4/15)              Sewer (visited)
 Temple: D:4-7

Altars:

Shops:
D:3 :

Annotations:
D:4 Ijyb


Innate Abilities, Weirdness & Mutations

You have hoof-like feet.
You sometimes gain power by taking damage.
You are partially covered in razor-sharp scales. (AC +1, Slay +1)


Message History

You barely miss the hound. You kick the hound.
The hound is heavily wounded.
The hound bites you. The hound barely misses you.
You take 3 damage, and have 41/52 hp.
You slash the hound!
You kill the hound!
You closely miss the orc. You kick the orc.
You kill the orc!
You closely miss the orc. You kick the orc!
You kill the orc!
Ijyb zaps a wand.
The bolt of light misses the hobgoblin.
The bolt of light hits you!
You take 9 damage, and have 33/52 hp.
You are too injured to fight recklessly!
You are too injured to fight recklessly!
You are too injured to fight recklessly!
You are too injured to fight recklessly!
You hit the hobgoblin but do no damage. The hobgoblin hits you.
You take 1 damage, and have 32/52 hp.
You hit the hobgoblin but do no damage.
You kick the hobgoblin, but do no damage.
The hobgoblin barely misses you.
You closely miss the hobgoblin.
Ijyb zaps a wand.
The bolt of light hits the hobgoblin!
The hobgoblin dies!
The bolt of light hits you.
You are confused.
Ijyb zaps a wand.
The bolt of light hits the goblin!!
The goblin dies!
The bolt of light hits you!
* * * LOW HITPOINT WARNING * * *
You take 21 damage, and have 12/52 hp.
MASSIVE DAMAGE!!
You bump into the rock wall.
The orc hits you but does no damage.
Ijyb zaps a wand.
The bolt of light misses the orc.
The bolt of light hits you!
You are more confused.
* * * LOW HITPOINT WARNING * * *
You take 11 damage, and have 1/52 hp.
MASSIVE DAMAGE!!
You bump into the rock wall.
The orc hits you with a +2 vampiric hand axe.
You die...

#.......
#...... ......
#.... ##... .g)
#o# #@#
####.###
#......#
#.##.#.######.#
#.##..........#
#.##...########
#.##...########
#......#.......
####..##.##.#.#


You could see Ijyb and an orc.

Vanquished Creatures
  Grinder (D:3)
  Sigmund (D:2)
  An ogre (D:4)
  2 bullfrogs (Sewer)
  A hound (D:4)
  A jelly (D:4)
  An iguana (D:4)
  2 orc wizards
  3 gnolls (D:4)
  14 adders
  3 river rats
  2 worms
  6 orcs
  11 endoplasms
  6 giant cockroaches
  7 goblins
  12 hobgoblins
  8 jackals
  11 kobolds
  4 quokkas
  14 ball pythons
  3 bats
  8 frilled lizards
  27 rats
149 creatures vanquished.

Vanquished Creatures (others)
  An orc (D:4)
  A goblin (D:4)
  A hobgoblin (D:4)
3 creatures vanquished.

Grand Total: 152 creatures vanquished

Notes
Turn   | Place    | Note
-------+----------+-------------------------------------------
     0 | D:1      | Dirtsage the Demonspawn Fighter began the quest for the
                  | Orb.
     0 | D:1      | Reached XP level 1. HP: 18/18 MP: 1/1
    25 | D:1      | Reached skill level 2 in Axes
   116 | D:1      | Gained mutation: You sometimes gain a little power by
                  | taking damage. [demonic ancestry]
   116 | D:1      | Reached XP level 2. HP: 21/24 MP: 2/2
   194 | D:1      | Reached skill level 3 in Axes
   385 | D:1      | Gained mutation: You have large cloven feet. [demonic
                  | ancestry]
   385 | D:1      | Reached XP level 3. HP: 29/29 MP: 3/3
   913 | D:2      | Noticed Sigmund
   919 | D:2      | Killed Sigmund
   920 | D:2      | Reached skill level 5 in Axes
   920 | D:2      | Gained mutation: You sometimes gain power by taking damage.
                  | [demonic ancestry]
   920 | D:2      | Reached XP level 4. HP: 30/35 MP: 4/4
   920 | D:2      | Reached XP level 5. HP: 35/41 MP: 5/5
  1220 | D:3      | Noticed Grinder
  1242 | D:3      | Killed Grinder
  1243 | D:3      | Reached skill level 6 in Axes
  1243 | D:3      | Gained mutation: You are partially covered in razor-sharp
                  | scales. (AC +1, Slay +1) [demonic ancestry]
  1243 | D:3      | Reached XP level 6. HP: 24/47 MP: 6/6
  1570 | D:3      | Found a glowing drain.
  1574 | Sewer    | Entered a sewer
  1718 | Sewer    | Reached skill level 7 in Axes
  1800 | Sewer    | Gained mutation: You have hoof-like feet. [demonic
                  | ancestry]
  1800 | Sewer    | Reached XP level 7. HP: 52/52 MP: 7/7
  2487 | D:3      | Found Korhon's Book Emporium.
  2786 | D:4      | Reached skill level 8 in Axes
  3046 | D:4      | Noticed Ijyb
  3068 | D:4      | HP: 1/52 [Ijyb/bolt of light (11)]
  3069 | D:4      | Slain by an orc

Illustrated notes

Levels and vault maps discovered:
D:1:      minmay_arrival_loop, layout_basic, minmay_cupped
D:2:      layout_loops_ring, basic_altar, bh_walls_and_bars, uniq_sigmund
D:3:      layout_loops_cross, serial_shops, nicolae_shop_hallway_plus,
          mainiacjoe_sewer_entry_somewhere_in_here_2,
          amcnicky_mini_rare_corridor_liquid, chequers_serial_rivers_small_3,
          guppyfry_early_lair_pool, uniq_grinder
D:4:      layout_loops_cross, uniq_ijyb

Skill      XL: |  1  2  3  4  5  6  7 |
---------------+----------------------+-----
Axes           | 2 3 5 6 7 8 |  8.7
Fighting       | |  3.0
Armour         | |  2.6
Shields        | |  2.6

Action                     |  1- 3 |  4- 6 |  7- 9 || total
---------------------------+-------+-------+-------++-------
  Melee: War axe           |    98 |   118 |   101 ||   317
         Kick              |     5 |    28 |    26 ||    59
    Use: Potion            |     1 |       |     1 ||     2
 Armour: Scale mail        |    73 |    80 |    96 ||   249
  Dodge: Dodged            |    54 |    66 |    58 ||   178
  Block: Buckler           |    18 |    21 |    26 ||    65

Table legend: (Time is in decaauts)
 A = Elapsed time spent in this place.
 B = Non-inter-level travel time spent in this place.
 C = Inter-level travel time spent in this place.
 D = Time resting spent in this place.
 E = Time spent auto-exploring this place.
 F = Levels seen in this place.
 G = Mean time per level.
                   A        B        C        D        E       F      G
               +--------+--------+--------+--------+--------+-----+--------+
         Total |   3207 |   3071 |    136 |    158 |   2128 |   5 |  641.4 |
       Dungeon |   2624 |   2488 |    136 |      0 |   1872 |   4 |  656.0 |
         Sewer |    582 |    582 |      0 |    158 |    256 |   1 |  582.0 |
               +--------+--------+--------+--------+--------+-----+--------+

Top non-repeatable levels by time:
     D:3: 1006 daAuts
     D:2: 667 daAuts
   Sewer: 582 daAuts
     D:1: 545 daAuts
     D:4: 404 daAuts
